 Dungeon Crawl Stone Soup version 0.26.1-11-gd32895ea62 (webtiles) character file.

Game seed: 6276892066805385093

28 phalm the Digger (level 3, 0/19 HPs)
             Began as a Gargoyle Earth Elementalist on Apr 27, 2021.
             Slain by Terence
             ... wielding a +0 flail
              (8 damage)
             ... on level 1 of the Dungeon.
             The game lasted 00:03:23 (1114 turns).

phalm the Digger (Gargoyle Earth Elementalist)      Turns: 1114, Time: 00:03:24

Health: 0/19       AC:  5    Str: 11    XL:     3   Next: 14%
Magic:  0/6        EV: 12    Int: 16    God:
Gold:   64         SH:  0    Dex: 10    Spells: 2/6 levels left

rFire    . . .     SeeInvis .   f - +0 dagger
rCold    . . .     Faith    .   (no shield)
rNeg     + . .     Spirit   .   c - +0 robe rPois โˆž Reflect .
                                (no helmet)
rElec    +         Harm     .   (no cloak)
rCorr    .         Rampage  .   (no gloves)
Will     .....                  (no boots)
Stlth    ++........             (no amulet)
HPRegen  0.06/turn              (no ring)
MPRegen  0.10/turn              (no ring)

@: no status effects
A: negative energy resistance 1, electricity resistance, unbreathing,
petrification resistance, miasma immunity, AC +3
a: no special abilities


You were on level 1 of the Dungeon.
You visited 1 branch of the dungeon, and saw 2 of its levels.

You collected 64 gold pieces.


Innate Abilities, Weirdness & Mutations

You are resistant to torment.
Your stone body is resilient. (AC +3)
You are immune to poison.
You resist negative energy. (rN+)
You are resistant to electric shocks. (rElec)
You can survive without breathing.
You are immune to petrification.
You are immune to miasma.


   Skills:
 - Level 1.5 Dodging
 - Level 2.1 Stealth
 - Level 2.0 Spellcasting
 + Level 0.3 Conjurations
 - Level 0.7 Transmutations
 + Level 5.0 Earth Magic


You had 2 spell levels left.
You knew the following spells:

 Your Spells              Type           Power        Failure   Level
w - Stone Arrow           Conj/Erth      20%          21%         3
z - Sandblast             Erth           34%          2%          1

Your spell library contained the following spells:

 Spells                   Type           Power        Failure   Level
 Passwall                 Tmut/Erth      8%           10%         2
 Petrify                  Tmut/Erth      10%          54%         4
 Lee's Rapid Deconstruct  Erth           8%           58%         5

Inventory:

Hand Weapons
 f - a +0 dagger (weapon)
   (You took it off a kobold on level 1 of the Dungeon)
Missiles
 b - 9 stones
Armour
 a - a +0 pair of gloves
   (You found it on level 1 of the Dungeon)
 c - a +0 robe (worn)
Scrolls
 d - a scroll of remove curse {unknown}
 h - a scroll of amnesia {unknown}
Potions
 e - a potion of degeneration {unknown}
 g - a potion of heal wounds {unknown}

Dungeon Overview and Level Annotations

Branches:
Dungeon (2/15)

Altars:

Annotations:
D:1 Terence

##......#.......
###..######)#####.
#...#####...#.....
##########.####........####
#.........###............##
#........รท#
####...#####... #.........#
#.### ####
#.........######..#######..
#.........@@...............
#.........###########......
#.........# ####..###
#####.##### #....## # #.#
#.#### ## #)# #.# ##. #.#
#.# #.. #.# #.#####.. #.#
#.##.....


You could see Terence.


Message History

Aiming: Sandblast (safe; 2% risk of failure)
Press: ? - help, Q - select action, (/) - cycle Shift-Dir - straight line, f - Terence
Aim: Terence, wielding a +0 flail and wearing a +0 scale mail (18% to evade)
The blast of sand hits Terence but does no damage.
An adder comes into view.
A kobold comes into view. ๐Ÿ˜Ž MP[-1]
You lost 1 mp, and now have 5/6 mp.
Aiming: Sandblast (safe; 2% risk of failure)
Press: ? - help, Q - select action, (/) - cycle Shift-Dir - straight line, f/p - Terence
Aim: Terence, wielding a +0 flail and wearing a +0 scale mail (18% to evade)
The blast of sand hits Terence but does no damage. ๐Ÿ˜Ž MP[-1]
You lost 1 mp, and now have 4/6 mp.
Aiming: Sandblast (safe; 2% risk of failure)
Press: ? - help, Q - select action, (/) - cycle Shift-Dir - straight line, f/p - Terence
Aim: Terence, wielding a +0 flail and wearing a +0 scale mail (18% to evade)
The blast of sand hits Terence but does no damage.
Terence hits you with a +0 flail! ๐Ÿ˜ฎ HP[-8] MP[-1]
You take 8 damage, and now have 11/19 hp.
MASSIVE DAMAGE!! (PAUSE)
You lost 1 mp, and now have 3/6 mp.
There is a stone staircase leading up here. ๐Ÿ˜ฎ HP[+1] Terence misses you.
You climb upwards.
There is a stone staircase leading down here.
Aiming: Sandblast (safe; 2% risk of failure)
Press: ? - help, Q - select action, (/) - cycle Shift-Dir - straight line, f - Terence
Aim: Terence, wielding a +0 flail and wearing a +0 scale mail (18% to evade)
The blast of sand hits Terence.
Aiming: Sandblast (safe; 2% risk of failure)
Press: ? - help, Q - select action, (/) - cycle Shift-Dir - straight line, f/p - Terence
Aim: Terence, wielding a +0 flail and wearing a +0 scale mail (lightly wounded, 18% to evade)
The blast of sand hits Terence but does no damage.
Terence misses you. ๐Ÿ˜ฎ MP[-1]
You lost 1 mp, and now have 2/6 mp.
Aiming: Sandblast (safe; 2% risk of failure)
Press: ? - help, Q - select action, (/) - cycle Shift-Dir - straight line, f/p - Terence
Aim: Terence, wielding a +0 flail and wearing a +0 scale mail (lightly wounded, 18% to evade)
You miscast Sandblast.
You are very lightly contaminated with residual magic.
Nothing appears to happen.
Terence misses you.
Aiming: Sandblast (safe; 2% risk of failure)
Press: ? - help, Q - select action, (/) - cycle Shift-Dir - straight line, f/p - Terence
Aim: Terence, wielding a +0 flail and wearing a +0 scale mail (lightly wounded, 18% to evade)
The blast of sand misses Terence.
Terence hits you with a +0 flail. ๐Ÿ˜ฎ HP[-1] MP[-1]
You take 1 damage, and now have 11/19 hp.
You lost 1 mp, and now have 1/6 mp.
Aiming: Sandblast (safe; 2% risk of failure)
Press: ? - help, Q - select action, (/) - cycle Shift-Dir - straight line, f/p - Terence
Aim: Terence, wielding a +0 flail and wearing a +0 scale mail (lightly wounded, 18% to evade)
The blast of sand hits Terence.
Terence hits you with a +0 flail.
* * * LOW HITPOINT WARNING * * *
๐Ÿ˜จ HP[-5] MP[-1]
You take 5 damage, and now have 6/19 hp.
MASSIVE DAMAGE!! (PAUSE)
You lost 1 mp, and now have 0/6 mp.
Your magical contamination has completely faded away.
Terence bares his teeth. ๐Ÿ˜จ MP[+1]
Aiming: Sandblast (safe; 2% risk of failure)
Press: ? - help, Q - select action, (/) - cycle Shift-Dir - straight line, f/p - Terence
Aim: Terence, wielding a +0 flail and wearing a +0 scale mail (heavily wounded, 18% to evade)
The blast of sand hits Terence but does no damage. ๐Ÿ˜จ MP[-1]
You lost 1 mp, and now have 0/6 mp. ๐Ÿ˜จ HP[+1] ๐Ÿ˜จ MP[+1]
Aiming: Sandblast (safe; 2% risk of failure)
Press: ? - help, Q - select action, (/) - cycle Shift-Dir - straight line, f/p - Terence
Aim: Terence, wielding a +0 flail and wearing a +0 scale mail (heavily wounded, 18% to evade)
The blast of sand hits Terence but does no damage.
Terence closely misses you. ๐Ÿ˜จ MP[-1]
You lost 1 mp, and now have 0/6 mp. ๐Ÿ˜จ MP[+1]
Aiming: Sandblast (safe; 2% risk of failure)
Press: ? - help, Q - select action, (/) - cycle Shift-Dir - straight line, f/p - Terence
Aim: Terence, wielding a +0 flail and wearing a +0 scale mail (heavily wounded, 18% to evade)
The blast of sand hits Terence.
Terence misses you. ๐Ÿ˜จ MP[-1]
You lost 1 mp, and now have 0/6 mp. ๐Ÿ˜จ HP[+1] Terence completely misses you. ๐Ÿ˜จ MP[+1]
Aiming: Sandblast (safe; 2% risk of failure)
Press: ? - help, Q - select action, (/) - cycle Shift-Dir - straight line, f/p - Terence
Aim: Terence, wielding a +0 flail and wearing a +0 scale mail (heavily wounded, 18% to evade)
The blast of sand hits Terence but does no damage. ๐Ÿ˜จ MP[-1]
You lost 1 mp, and now have 0/6 mp.
Terence hits you with a +0 flail!
You die...

Skill      XL: |  1  2 |
---------------+-------+-----
Earth Magic    | 4 5 |  5.0
Dodging        | |  1.5
Stealth        | |  2.1
Spellcasting   | |  2.0
Conjurations   | |  0.3
Transmutations | |  0.7

Action                   || total
-------------------------++-------
Melee: Unarmed           ||    22
       Dagger            ||    10
 Cast: Sandblast         ||    45
Armor: Robe              ||    21
Dodge: Dodged            ||    42

Levels and vault maps discovered:
D:1:      ldierk_water_garden, layout_rooms
D:2:      layout_loops_ring, grunt_temple_overflow_open, uniq_terence

Notes
Turn   | Place    | Note
-------+----------+-------------------------------------------
     0 | D:1      | phalm the Gargoyle Earth Elementalist began the quest for
                  | the Orb.
     0 | D:1      | Reached XP level 1. HP: 10/10 MP: 3/3
     0 | D:1      | magus.rc [v1.9.10]
    36 | D:1      | Reached skill level 4 in Earth Magic
    42 | D:1      | Reached XP level 2. HP: 6/15 MP: 1/5
   412 | D:1      | HP: 3/15 [dart slug/slug dart (7)]
   863 | D:1      | Reached skill level 5 in Earth Magic
   863 | D:1      | Reached XP level 3. HP: 19/19 MP: 4/6
   868 | D:1      | Learned a level 3 spell: Stone Arrow
  1048 | D:2      | Noticed Terence
  1114 | D:1      | Slain by Terence

Vanquished Creatures
  A dart slug (D:1)
  4 giant cockroaches (D:1)
  3 goblins (D:1)
  3 hobgoblins (D:1)
  5 kobolds (D:1)
  5 bats (D:1)
  4 rats (D:1)
25 creatures vanquished.

Vanquished Creatures (others)
  4 toadstools (D:1)
4 creatures vanquished.

Grand Total: 29 creatures vanquished

Table legend:
 A = Non-vault XP
 B = Vault XP
 C = Vault XP percentage of total XP
 D = Non-vault monster count
 E = Vault monster count
 F = Vault count percentage of total count
                 A         B        C        D         E       F
            +---------+---------+-------+---------+---------+-------
      Total |      41 |       0 |   0.0 |      25 |       0 |   0.0
            +---------+---------+-------+---------+---------+-------
        D:1 |      41 |       0 |   0.0 |      25 |       0 |   0.0
            +---------+---------+-------+---------+---------+-------

Illustrated notes

Table legend:
 A = Kills in this place as a percentage of kills in entire the game.
 B = Kills by you in this place as a percentage of kills by you in the entire game.
 C = Kills by friends in this place as a percentage of kills by friends in the entire game.
 D = Other kills in this place as a percentage of other kills in the entire game.
 E = Experience gained in this place as a percentage of experience gained in the entire game.
 F = Experience gained in this place divided by the number of levels of this place that you have seen.
                   A       B       C       D       E      F
               +-------+-------+-------+-------+-------+----------------------
         Total | 100.0 | 100.0 |   N/A |   N/A | 100.0 |  20.5
       Dungeon | 100.0 | 100.0 |   N/A |   N/A | 100.0 |  20.5
               +-------+-------+-------+-------+-------+----------------------

Table legend: (Time is in decaauts)
 A = Elapsed time spent in this place.
 B = Non-inter-level travel time spent in this place.
 C = Inter-level travel time spent in this place.
 D = Time resting spent in this place.
 E = Time spent auto-exploring this place.
 F = Levels seen in this place.
 G = Mean time per level.
                   A        B        C        D        E       F      G
               +--------+--------+--------+--------+--------+-----+--------+
         Total |   1114 |   1096 |     18 |      4 |    874 |   2 |  557.0 |
       Dungeon |   1114 |   1096 |     18 |      4 |    874 |   2 |  557.0 |
               +--------+--------+--------+--------+--------+-----+--------+

Top non-repeatable levels by time:
     D:1: 1102 daAuts
     D:2: 11 daAuts
